Rampage vs Wolfpack
Created - February 18, 2022 at 19:06
Goals
|
| Rampage |
0 |
0 |
4 |
4 |
| Wolfpack |
3 |
1 |
1 |
5 |
|
Shots
|
| Rampage |
11 |
4 |
12 |
27 |
| Wolfpack |
17 |
8 |
8 |
33 |
|
1st period
1. Wolfpack , Stefan Noesen 21 (Vince Dunn 13) at 5:06
2. Wolfpack , Stefan Noesen 22 (David Pope 11, Derrick Pouliot 14) at 9:38
3. Wolfpack , David Pope 18 (Maxime Sauvé 33, Stefan Noesen 39) at 17:03
Penalties :
T.J. Tynan (San) for Tripping (Minor) at 2:11, Mikhail Sergachev (Har) for Slashing (Minor) at 5:55
2nd period
4. Wolfpack , Henrik Samuelsson 15 (David Pope 12, Mikhail Sergachev 9) at 8:24
Penalties :
Samuel Montembeault (Har) for Slashing (Minor) at 2:55 - Samuel Blais served the penalty, Brendan Lemieux (San) for Tripping (Minor) at 8:46, Brendan Lemieux (San) for Hooking (Minor) at 18:39
3rd period
5. Rampage , Ryan Lomberg 10 (Brendan Lemieux 14, Adam Clendening 4) at 0:56
6. Rampage , Dylan Sikura 2 (Ethan Bear 10, Dylan Gambrell 2) at 2:34
7. Rampage , Brendan Lemieux 13 (Jack Roslovic 17) at 8:02
8. Wolfpack , Seth Griffith 14 (Steven Santini 19) at 11:04
9. Rampage , Denis Gurianov 6 (Jean-Sebastien Dea 12) at 12:22 (PP)
Penalties :
Mikhail Sergachev (Har) for Hooking (Minor) at 11:49, Tony DeAngelo (San) for Tripping (Minor) at 15:16, Mathieu Joseph (San) for Holding (Minor) at 18:22
Goalie Stats
Elvis Merzlikins (San), 28 saves from 33 shots - (0.848), L, 12-8-5, 60:00 minutes
Samuel Montembeault (Har), 23 saves from 27 shots - (0.852), W, 13-6-1, 60:00 minutes
Players Stats for Rampage
Player Name G A P +/- PIM S H SB GA TA FO MP PP MP PK MP
------------------------------------------------------------------------------------
Adam Clendening 0 1 1 -2 0 0 0 1 0 0 0/0 15:43 0:00 3:30
Artturi Lehkonen 0 0 0 1 0 0 6 0 0 0 0/0 10:16 0:05 2:02
Brendan Lemieux 1 1 2 -2 4 5 1 0 0 0 2/2 21:54 2:20 3:18
Collin Miller 0 0 0 -1 0 0 1 0 0 0 0/0 16:03 1:36 4:08
Denis Gurianov 1 0 1 0 0 2 1 0 1 0 0/0 14:10 2:06 0:00
Dylan Gambrell 0 1 1 1 0 0 0 0 0 0 1/3 7:55 0:00 0:00
Dylan Sikura 1 0 1 1 0 4 0 2 0 0 0/0 7:55 0:00 0:00
Ethan Bear 0 1 1 0 0 1 0 0 0 1 0/0 17:59 2:55 0:31
Jack Roslovic 0 1 1 -2 0 4 1 1 0 1 22/41 24:20 2:20 5:40
Jean-Sebastien Dea 0 1 1 -1 0 0 3 0 1 0 2/5 11:57 2:06 0:17
Jordan Greenway 0 0 0 -1 0 1 2 0 1 0 0/0 13:05 0:00 3:29
Kevan Miller 0 0 0 -1 0 3 0 1 0 0 0/0 22:54 1:36 0:00
Mathieu Joseph 0 0 0 -1 2 0 0 1 0 2 1/1 11:26 0:00 1:32
Roland McKeown 0 0 0 0 0 1 2 2 0 1 0/0 20:22 0:00 6:07
Ryan Lomberg 1 0 1 0 0 3 1 1 1 0 0/0 14:11 2:06 0:16
T.J. Tynan 0 0 0 0 2 0 0 1 0 1 4/11 14:40 0:05 2:32
Timo Meier 0 0 0 -2 0 2 0 0 0 1 0/0 18:25 2:25 0:00
Tony DeAngelo 0 0 0 0 2 1 0 4 1 0 0/0 27:07 2:55 4:50
Players Stats for Wolfpack
Player Name G A P +/- PIM S H SB GA TA FO MP PP MP PK MP
------------------------------------------------------------------------------------
Alex Barre-Boulet 0 0 0 -1 0 0 0 0 0 0 0/0 10:57 0:00 0:00
Alexander Barabanov 0 0 0 0 0 1 0 0 0 0 0/1 7:07 0:00 0:00
Colton White 0 0 0 0 0 0 0 1 0 0 0/0 13:03 0:00 0:15
Connor Chatam 0 0 0 0 0 1 1 3 0 0 0/0 7:07 0:00 0:00
David Pope 1 2 3 2 0 6 3 0 0 0 2/4 23:50 5:21 2:31
Derrick Pouliot 0 1 1 -1 0 0 2 0 1 0 0/0 19:32 3:34 2:54
Dryden Hunt 0 0 0 -1 0 0 2 0 1 0 0/0 11:58 0:00 0:58
Henrik Samuelsson 1 0 1 1 0 3 2 0 0 2 9/15 17:27 4:12 1:24
Kevin Roy 0 0 0 0 0 1 1 0 0 0 1/4 7:16 0:00 0:09
Maxime Sauvé 0 1 1 2 0 3 2 0 2 0 15/32 23:50 5:21 2:31
Mikhail Sergachev 0 1 1 3 4 1 0 1 1 0 0/0 26:49 5:59 0:45
Ryan Culkin 0 0 0 0 0 1 0 1 0 0 0/0 13:08 0:00 0:37
Samuel Blais 0 0 0 1 0 1 1 0 1 0 0/0 16:40 4:12 0:36
Sebastian Collberg 0 0 0 1 0 2 0 0 1 0 0/0 16:03 4:12 0:00
Seth Griffith 1 0 1 -1 0 2 0 0 0 0 3/4 11:53 0:00 0:53
Stefan Noesen 2 1 3 2 0 5 2 1 0 1 1/3 21:18 5:21 0:00
Steven Santini 0 1 1 -1 0 2 1 1 0 2 0/0 19:32 3:34 2:54
Vince Dunn 0 1 1 3 0 4 1 1 0 0 0/0 27:57 5:59 1:37
3 Stars
1 - Stefan Noesen (Har)
2 - David Pope (Har)
3 - Henrik Samuelsson (Har)
Power Play
Rampage - 1 on 3 Attempt(s) - 33.33%
Wolfpack - 0 on 5 Attempt(s) - 0.00%
Penalty Kill
Rampage - 5 on 5 Attempt(s) - 100.00%
- Score 0 goal in Penalty Kill
Wolfpack - 2 on 3 Attempt(s) - 66.67%
- Score 0 goal in Penalty Kill
Team Stat
Rampage - Hits : 18 - Faceoff Wins : 32 - Blocked Shots : 14 - Penalty Minutes : 10
Wolfpack - Hits : 18 - Faceoff Wins : 31 - Blocked Shots : 9 - Penalty Minutes : 6
Official
Referees : Dan Kelly and Chris Rooney
Linesman : Travis Gawryletz and Bryan Pancich
Game Notes
No Game Note
Finance
Level 1 -- Attendance: 1763 (88.15%) -- Ticket Income $61,705
Level 2 -- Attendance: 962 (96.20%) -- Ticket Income $14,430
Total Attendance: 2725 (90.83%)
Total Ticket Income: $76,135
Other Income: $3,807
Total Income: $79,942
Rampage
5 vs 5 Forward
Center Left Wing Right Wing Time % Phy DF OF
1 Jack Roslovic Brendan Lemieux Timo Meier 40 1 2 2
2 T.J. Tynan Ryan Lomberg Denis Gurianov 30 1 2 2
3 Jean-Sebastien Dea Jordan Greenway Mathieu Joseph 20 1 2 2
4 Dylan Gambrell Artturi Lehkonen Dylan Sikura 10 1 2 2
5 vs 5 Defense
Defense Defense Time % Phy DF OF
1 Kevan Miller Tony DeAngelo 40 1 2 2
2 Roland McKeown Ethan Bear 30 1 2 2
3 Adam Clendening Collin Miller 20 1 2 2
4 Kevan Miller Adam Clendening 10 1 2 2
PowerPlay Forward
Center Left Wing Right Wing Time % Phy DF OF
1 Jack Roslovic Brendan Lemieux Timo Meier 60 1 2 2
2 Jean-Sebastien Dea Ryan Lomberg Denis Gurianov 40 1 2 2
PowerPlay Defense
Defense Defense Time % Phy DF OF
1 Ethan Bear Tony DeAngelo 60 1 2 2
2 Kevan Miller Collin Miller 40 1 2 2
Penalty Kill 4 Players Forward
Center Wing Time % Phy DF OF
1 Jack Roslovic Brendan Lemieux 60 1 2 2
2 T.J. Tynan Mathieu Joseph 40 1 2 2
Penalty Kill 4 Players Defense
Defense Defense Time % Phy DF OF
1 Tony DeAngelo Roland McKeown 60 1 2 2
2 Collin Miller Adam Clendening 40 1 2 2
Penalty Kill - 3 Players Forward
Forward Time % Phy DF OF
1 T.J. Tynan 60 1 2 2
2 Jack Roslovic 40 1 2 2
Penalty Kill - 3 Players Defense
Defense Defense Time % Phy DF OF
1 Roland McKeown Tony DeAngelo 60 1 2 2
2 Collin Miller Adam Clendening 40 1 2 2
4 vs 4 Forward
Center Wing Time % Phy DF OF
1 Jean-Sebastien Dea Dylan Sikura 60 1 2 2
2 T.J. Tynan Mathieu Joseph 40 1 2 2
4 vs 4 Defense
Defense Defense Time % Phy DF OF
1 Kevan Miller Tony DeAngelo 60 1 2 2
2 Collin Miller Roland McKeown 40 1 2 2
Last Minutes Offensive
Center Left Wing Right Wing Defense Defense
Jack Roslovic Brendan Lemieux Timo Meier Ethan Bear Tony DeAngelo
Last Minutes Defensive
Center Left Wing Right Wing Defense Defense
T.J. Tynan Brendan Lemieux Mathieu Joseph Roland McKeown Collin Miller
Goaltenders
Starting : Elvis Merzlikins
Backup : Brandon Halverson
Extra Forwards
Normal : Denis Gurianov, Jean-Sebastien Dea, Jordan Greenway - PP : Denis Gurianov, Jean-Sebastien Dea - PK : Jordan Greenway
Extra Defensemen
Normal : Ethan Bear, Roland McKeown, Collin Miller - PP : Ethan Bear - PK : Roland McKeown, Collin Miller
Penalty Shots
Jack Roslovic, Dylan Sikura, T.J. Tynan, Jean-Sebastien Dea, Timo Meier
Scratches
Jacob De La Rose (Sports Hernia Injury), Nikita Nesterov (Healthy), Petr Straka (Suspend), Scott Wilson (Healthy), Nicholas Caamano (Healthy)
Eamon McAdam (Healthy)
Wolfpack
5 vs 5 Forward
Center Left Wing Right Wing Time % Phy DF OF
1 Maxime Sauvé David Pope Stefan Noesen 40 1 2 2
2 Henrik Samuelsson Samuel Blais Sebastian Collberg 30 1 2 2
3 Seth Griffith Dryden Hunt Alex Barre-Boulet 20 1 2 2
4 Kevin Roy Alexander Barabanov Connor Chatam 10 1 2 2
5 vs 5 Defense
Defense Defense Time % Phy DF OF
1 Vince Dunn Mikhail Sergachev 40 1 2 2
2 Derrick Pouliot Steven Santini 30 1 2 2
3 Ryan Culkin Colton White 20 1 2 2
4 Vince Dunn Mikhail Sergachev 10 1 2 2
PowerPlay Forward
Center Left Wing Right Wing Time % Phy DF OF
1 Maxime Sauvé David Pope Stefan Noesen 60 1 2 2
2 Henrik Samuelsson Samuel Blais Sebastian Collberg 40 1 2 2
PowerPlay Defense
Defense Defense Time % Phy DF OF
1 Vince Dunn Mikhail Sergachev 60 1 2 2
2 Derrick Pouliot Steven Santini 40 1 2 2
Penalty Kill 4 Players Forward
Center Wing Time % Phy DF OF
1 Maxime Sauvé David Pope 60 1 2 2
2 Henrik Samuelsson Samuel Blais 40 1 2 2
Penalty Kill 4 Players Defense
Defense Defense Time % Phy DF OF
1 Derrick Pouliot Steven Santini 60 1 2 2
2 Vince Dunn Mikhail Sergachev 40 1 2 2
Penalty Kill - 3 Players Forward
Forward Time % Phy DF OF
1 Maxime Sauvé 60 1 2 2
2 Henrik Samuelsson 40 1 2 2
Penalty Kill - 3 Players Defense
Defense Defense Time % Phy DF OF
1 Derrick Pouliot Steven Santini 60 1 2 2
2 Vince Dunn Mikhail Sergachev 40 1 2 2
4 vs 4 Forward
Center Wing Time % Phy DF OF
1 Maxime Sauvé David Pope 60 1 2 2
2 Henrik Samuelsson Samuel Blais 40 1 2 2
4 vs 4 Defense
Defense Defense Time % Phy DF OF
1 Derrick Pouliot Steven Santini 60 1 2 2
2 Vince Dunn Mikhail Sergachev 40 1 2 2
Last Minutes Offensive
Center Left Wing Right Wing Defense Defense
Maxime Sauvé David Pope Stefan Noesen Derrick Pouliot Steven Santini
Last Minutes Defensive
Center Left Wing Right Wing Defense Defense
Maxime Sauvé David Pope Stefan Noesen Derrick Pouliot Steven Santini
Goaltenders
Starting : Samuel Montembeault
Backup : Mike Condon
Extra Forwards
Normal : Seth Griffith, Sebastian Collberg, Samuel Blais - PP : Seth Griffith, Sebastian Collberg - PK : Seth Griffith
Extra Defensemen
Normal : Mikhail Sergachev, Ryan Culkin, Colton White - PP : Mikhail Sergachev - PK : Mikhail Sergachev, Ryan Culkin
Penalty Shots
Maxime Sauvé, Stefan Noesen, Henrik Samuelsson, David Pope, Seth Griffith
Scratches
Adam Lowry (Healthy), Dave Dziurzynski (Healthy), Jacob Middleton (Healthy), Jake Marchment (Healthy), Joel Kiviranta (Healthy)
Joshua Jacobs (Healthy), Keegan Kolesar (Healthy), Mikhail Vorobyev (Healthy), Ryan Dzingel (Broken Bone (Left Arm) Injury), Will Borgen (Healthy)
Andrew Peeke (Healthy), Dante Fabbro (Healthy), Jeffrey Viel (Healthy), Yegor Korshkov (Healthy), Jake Paterson (Healthy)
% Time on Ice - Rampage
Lines # - Real PCT - Wanted PCT - Time Play
Normal Forward
1 - 36% - 40% - 16:22
2 - 26% - 30% - 11:53
3 - 21% - 20% - 9:46
4 - 17% - 10% - 7:55
Normal Defense
1 - 42% - 40% - 19:23
2 - 32% - 30% - 14:43
3 - 21% - 20% - 9:35
4 - 5% - 10% - 2:15
PP Forward
1 - 54% - 60% - 2:25
2 - 46% - 40% - 2:06
PP Defense
1 - 65% - 60% - 2:55
2 - 35% - 40% - 1:36
PK Forward
1 - 78% - 60% - 7:29
2 - 22% - 40% - 2:04
PK Defense
1 - 71% - 60% - 6:49
2 - 29% - 40% - 2:44
PK3 Forward
1 - 0% - 60%
2 - 0% - 40%
PK3 Defense
1 - 0% - 60%
2 - 0% - 40%
44 Forward
1 - 0% - 60%
2 - 0% - 40%
44 Defense
1 - 0% - 60%
2 - 0% - 40%
Last Minute Offensive - 0:00
Last Minute Defensive - 0:00
Total
Forward - 60:00
Defense - 60:00
|
% Time on Ice - Wolfpack
Lines # - Real PCT - Wanted PCT - Time Play
Normal Forward
1 - 35% - 40% - 16:01
2 - 26% - 30% - 11:51
3 - 24% - 20% - 10:57
4 - 15% - 10% - 7:07
Normal Defense
1 - 40% - 40% - 18:22
2 - 29% - 30% - 13:22
3 - 27% - 20% - 12:31
4 - 4% - 10% - 1:41
PP Forward
1 - 56% - 60% - 5:21
2 - 44% - 40% - 4:12
PP Defense
1 - 63% - 60% - 5:59
2 - 37% - 40% - 3:34
PK Forward
1 - 77% - 60% - 3:29
2 - 23% - 40% - 1:02
PK Defense
1 - 64% - 60% - 2:54
2 - 36% - 40% - 1:37
PK3 Forward
1 - 0% - 60%
2 - 0% - 40%
PK3 Defense
1 - 0% - 60%
2 - 0% - 40%
44 Forward
1 - 0% - 60%
2 - 0% - 40%
44 Defense
1 - 0% - 60%
2 - 0% - 40%
Last Minute Offensive - 0:00
Last Minute Defensive - 0:00
Total
Forward - 60:00
Defense - 60:00
|
Play-by-Play
1st period
0:01 of 1st period - Maxime Sauvé wins face-off versus Jack Roslovic in neutral zone.
0:57 of 1st period - Backhand shot by Derrick Pouliot.
0:57 of 1st period - Shot Blocked by Mathieu Joseph.
1:54 of 1st period - Off-side.
1:55 of 1st period - Henrik Samuelsson wins face-off versus T.J. Tynan in neutral zone.
2:11 of 1st period - Minor Penalty to T.J. Tynan for Tripping.
2:12 of 1st period - Jack Roslovic wins face-off versus Maxime Sauvé in Rampage zone.
2:21 of 1st period - Backhand shot by Brendan Lemieux.
2:21 of 1st period - Shot Misses the Net.
2:27 of 1st period - Slapshot by Vince Dunn.
2:27 of 1st period - Stopped by Elvis Merzlikins without a rebound.
2:28 of 1st period - Jack Roslovic wins face-off versus Henrik Samuelsson in Rampage zone.
4:11 of 1st period - Penalty to T.J. Tynan is over, T.J. Tynan is back on ice.
4:40 of 1st period - Icing by Steven Santini.
4:41 of 1st period - T.J. Tynan wins face-off versus Kevin Roy in Wolfpack zone.
5:06 of 1st period - Snap shot by Stefan Noesen.
5:06 of 1st period - Goal by Stefan Noesen - Rampage : 0 - Wolfpack : 1.
5:07 of 1st period - Jack Roslovic wins face-off versus Maxime Sauvé in neutral zone.
5:16 of 1st period - Wrist shot by Timo Meier.
5:16 of 1st period - Stopped by Samuel Montembeault without a rebound.
5:17 of 1st period - Jack Roslovic wins face-off versus Maxime Sauvé in Wolfpack zone.
5:28 of 1st period - Wrist shot by David Pope.
5:28 of 1st period - Stopped by Elvis Merzlikins without a rebound.
5:29 of 1st period - Jack Roslovic wins face-off versus Maxime Sauvé in Rampage zone.
5:55 of 1st period - Minor Penalty to Mikhail Sergachev for Slashing.
5:56 of 1st period - Maxime Sauvé wins face-off versus Jack Roslovic in Wolfpack zone.
6:11 of 1st period - Snap shot by Brendan Lemieux.
6:11 of 1st period - Stopped by Samuel Montembeault without a rebound.
6:12 of 1st period - Jack Roslovic wins face-off versus Maxime Sauvé in Wolfpack zone.
6:17 of 1st period - Snap shot by Jack Roslovic.
6:17 of 1st period - Stopped by Samuel Montembeault with a rebound.
7:04 of 1st period - Brendan Lemieux is hit by Maxime Sauvé and loses puck.
7:55 of 1st period - Penalty to Mikhail Sergachev is over, Mikhail Sergachev is back on ice.
8:11 of 1st period - Snap shot by Vince Dunn.
8:11 of 1st period - Stopped by Elvis Merzlikins without a rebound.
8:12 of 1st period - Mathieu Joseph wins face-off versus Henrik Samuelsson in Rampage zone.
8:21 of 1st period - Wrist shot by Jean-Sebastien Dea.
8:21 of 1st period - Shot Blocked by Steven Santini.
8:23 of 1st period - Slapshot by Kevan Miller.
8:23 of 1st period - Deflect By Derrick Pouliot.
8:23 of 1st period - Stopped by Samuel Montembeault without a rebound.
8:24 of 1st period - Maxime Sauvé wins face-off versus Jack Roslovic in Wolfpack zone.
8:31 of 1st period - Slapshot by Jack Roslovic.
8:31 of 1st period - Shot Misses the Net.
9:12 of 1st period - Vince Dunn is hit by Jordan Greenway and loses puck.
9:38 of 1st period - Snap shot by Stefan Noesen.
9:38 of 1st period - Goal by Stefan Noesen - Rampage : 0 - Wolfpack : 2.
9:39 of 1st period - Maxime Sauvé wins face-off versus Jack Roslovic in neutral zone.
10:15 of 1st period - Snap shot by Henrik Samuelsson.
10:15 of 1st period - Stopped by Elvis Merzlikins with a rebound.
10:17 of 1st period - Backhand shot by Mikhail Sergachev.
10:17 of 1st period - Shot Blocked by Roland McKeown.
10:50 of 1st period - Slapshot by Connor Chatam.
10:50 of 1st period - Stopped by Elvis Merzlikins with a rebound.
10:52 of 1st period - Slapshot by Steven Santini.
10:52 of 1st period - Shot Misses the Net.
10:54 of 1st period - Slapshot by Steven Santini.
10:54 of 1st period - Deflect By Collin Miller.
10:54 of 1st period - Stopped by Elvis Merzlikins without a rebound.
10:55 of 1st period - Jack Roslovic wins face-off versus Kevin Roy in Rampage zone.
11:02 of 1st period - Snap shot by Brendan Lemieux.
11:02 of 1st period - Stopped by Samuel Montembeault without a rebound.
11:03 of 1st period - Jack Roslovic wins face-off versus David Pope in Wolfpack zone.
11:06 of 1st period - Snap shot by Jack Roslovic.
11:06 of 1st period - Shot Blocked by Ryan Culkin.
11:08 of 1st period - Backhand shot by Timo Meier.
11:08 of 1st period - Stopped by Samuel Montembeault without a rebound.
11:09 of 1st period - Maxime Sauvé wins face-off versus Jack Roslovic in Wolfpack zone.
11:18 of 1st period - Slapshot by Stefan Noesen.
11:18 of 1st period - Shot Hit the Post.
11:42 of 1st period - Wrist shot by Seth Griffith.
11:42 of 1st period - Stopped by Elvis Merzlikins with a rebound.
11:44 of 1st period - Slapshot by Ryan Culkin.
11:44 of 1st period - Stopped by Elvis Merzlikins without a rebound.
11:45 of 1st period - Maxime Sauvé wins face-off versus T.J. Tynan in Rampage zone.
11:48 of 1st period - Wrist shot by David Pope.
11:48 of 1st period - Shot Misses the Net.
11:56 of 1st period - Wrist shot by T.J. Tynan.
11:56 of 1st period - Shot Blocked by Vince Dunn.
12:00 of 1st period - Snap shot by Denis Gurianov.
12:00 of 1st period - Stopped by Samuel Montembeault with a rebound.
12:10 of 1st period - Snap shot by Jean-Sebastien Dea.
12:10 of 1st period - Shot Misses the Net.
12:12 of 1st period - Slapshot by Adam Clendening.
12:12 of 1st period - Shot Misses the Net.
12:14 of 1st period - Slapshot by Jordan Greenway.
12:14 of 1st period - Shot Misses the Net.
13:19 of 1st period - T.J. Tynan is hit by Maxime Sauvé and loses puck.
13:37 of 1st period - Collin Miller is hit by Henrik Samuelsson and loses puck.
13:56 of 1st period - Adam Clendening is hit by Dryden Hunt and loses puck.
15:20 of 1st period - Ryan Culkin is hit by Artturi Lehkonen.
16:02 of 1st period - Alex Barre-Boulet is hit by Collin Miller and loses puck.
16:17 of 1st period - Seth Griffith is hit by Jean-Sebastien Dea and loses puck.
16:43 of 1st period - Snap shot by Dylan Sikura.
16:43 of 1st period - Stopped by Samuel Montembeault without a rebound.
16:44 of 1st period - Maxime Sauvé wins face-off versus Dylan Gambrell in Wolfpack zone.
16:51 of 1st period - Slapshot by Maxime Sauvé.
16:51 of 1st period - Stopped by Elvis Merzlikins with a rebound.
16:53 of 1st period - Snap shot by Stefan Noesen.
16:53 of 1st period - Stopped by Elvis Merzlikins with a rebound.
16:55 of 1st period - Snap shot by David Pope.
16:55 of 1st period - Shot Blocked by Roland McKeown.
16:57 of 1st period - Wrist shot by Vince Dunn.
16:57 of 1st period - Deflect By Dylan Sikura.
16:57 of 1st period - Stopped by Elvis Merzlikins without a rebound.
16:58 of 1st period - David Pope wins face-off versus Jack Roslovic in Rampage zone.
17:01 of 1st period - Snap shot by Maxime Sauvé.
17:01 of 1st period - Stopped by Elvis Merzlikins with a rebound.
17:03 of 1st period - Snap shot by David Pope.
17:03 of 1st period - Goal by David Pope - Rampage : 0 - Wolfpack : 3.
17:04 of 1st period - Maxime Sauvé wins face-off versus Jack Roslovic in neutral zone.
17:09 of 1st period - Slapshot by Mikhail Sergachev.
17:09 of 1st period - Deflect By Timo Meier.
17:09 of 1st period - Stopped by Elvis Merzlikins with a rebound.
17:47 of 1st period - Snap shot by Jack Roslovic.
17:47 of 1st period - Shot Blocked by Connor Chatam.
17:49 of 1st period - Snap shot by Kevan Miller.
17:49 of 1st period - Stopped by Samuel Montembeault with a rebound.
17:57 of 1st period - Wrist shot by Brendan Lemieux.
17:57 of 1st period - Shot Misses the Net.
17:59 of 1st period - Snap shot by Timo Meier.
17:59 of 1st period - Shot Misses the Net.
18:07 of 1st period - Snap shot by Brendan Lemieux.
18:07 of 1st period - Shot Blocked by Connor Chatam.
18:17 of 1st period - Wrist shot by Jack Roslovic.
18:17 of 1st period - Stopped by Samuel Montembeault without a rebound.
18:18 of 1st period - T.J. Tynan wins face-off versus Maxime Sauvé in Wolfpack zone.
18:29 of 1st period - Snap shot by Maxime Sauvé.
18:29 of 1st period - Shot Blocked by Ryan Lomberg.
18:31 of 1st period - Slapshot by David Pope.
18:31 of 1st period - Stopped by Elvis Merzlikins without a rebound.
18:32 of 1st period - T.J. Tynan wins face-off versus Henrik Samuelsson in Rampage zone.
19:33 of 1st period - Colton White is hit by Roland McKeown and loses puck.
19:48 of 1st period - Samuel Blais is hit by Artturi Lehkonen and loses puck.
19:53 of 1st period - Wrist shot by Dylan Sikura.
19:53 of 1st period - Stopped by Samuel Montembeault with a rebound.
19:55 of 1st period - Slapshot by Artturi Lehkonen.
19:55 of 1st period - Shot Misses the Net.
Goals for this period are 0 for Rampage vs 3 for Wolfpack.
Shots for this period are 11 for Rampage vs 17 for Wolfpack.
2nd period
0:01 of 2nd period - David Pope wins face-off versus Jack Roslovic in neutral zone.
1:18 of 2nd period - Slapshot by Steven Santini.
1:18 of 2nd period - Shot Blocked by Dylan Sikura.
1:34 of 2nd period - Wrist shot by Jack Roslovic.
1:34 of 2nd period - Deflect By Maxime Sauvé.
1:34 of 2nd period - Shot Misses the Net.
1:34 of 2nd period - Puck is out of play.
1:35 of 2nd period - Maxime Sauvé wins face-off versus Jack Roslovic in Wolfpack zone.
1:44 of 2nd period - Snap shot by David Pope.
1:44 of 2nd period - Deflect By Stefan Noesen.
1:44 of 2nd period - Stopped by Elvis Merzlikins without a rebound.
1:45 of 2nd period - Jack Roslovic wins face-off versus Stefan Noesen in Rampage zone.
2:31 of 2nd period - Backhand shot by David Pope.
2:31 of 2nd period - Stopped by Elvis Merzlikins with a rebound.
2:33 of 2nd period - Snap shot by Mikhail Sergachev.
2:33 of 2nd period - Shot Misses the Net.
2:35 of 2nd period - Slapshot by Vince Dunn.
2:35 of 2nd period - Shot Misses the Net.
2:37 of 2nd period - Wrist shot by David Pope.
2:37 of 2nd period - Shot Misses the Net.
2:39 of 2nd period - Slapshot by Mikhail Sergachev.
2:39 of 2nd period - Shot Blocked by Jack Roslovic.
2:41 of 2nd period - Snap shot by Maxime Sauvé.
2:41 of 2nd period - Stopped by Elvis Merzlikins with a rebound.
2:43 of 2nd period - Slapshot by Vince Dunn.
2:43 of 2nd period - Deflect By Jack Roslovic.
2:43 of 2nd period - Stopped by Elvis Merzlikins without a rebound.
2:44 of 2nd period - Henrik Samuelsson wins face-off versus T.J. Tynan in Rampage zone.
2:55 of 2nd period - Wrist shot by Ryan Lomberg.
2:55 of 2nd period - Stopped by Samuel Montembeault without a rebound.
2:55 of 2nd period - Minor Penalty to Samuel Montembeault for Slashing.
2:56 of 2nd period - Maxime Sauvé wins face-off versus Jean-Sebastien Dea in Wolfpack zone.
4:05 of 2nd period - Vince Dunn is hit by Jack Roslovic and loses puck.
4:55 of 2nd period - Penalty to Samuel Blais is over, Samuel Blais is back on ice.
5:18 of 2nd period - Colton White is hit by Jean-Sebastien Dea and loses puck.
5:52 of 2nd period - T.J. Tynan is hit by David Pope and loses puck.
6:41 of 2nd period - Kevan Miller is hit by Connor Chatam.
6:55 of 2nd period - Snap shot by Samuel Blais.
6:55 of 2nd period - Deflect By Sebastian Collberg.
6:55 of 2nd period - Shot Hit the Post.
6:55 of 2nd period - Puck is out of play.
6:56 of 2nd period - Henrik Samuelsson wins face-off versus Jean-Sebastien Dea in Rampage zone.
7:33 of 2nd period - Snap shot by Seth Griffith.
7:33 of 2nd period - Shot Blocked by Tony DeAngelo.
7:35 of 2nd period - Slapshot by Steven Santini.
7:35 of 2nd period - Shot Blocked by Tony DeAngelo.
7:58 of 2nd period - Wrist shot by Ryan Lomberg.
7:58 of 2nd period - Deflect By Vince Dunn.
7:58 of 2nd period - Shot Blocked by Connor Chatam.
7:58 of 2nd period - Puck is out of play.
7:59 of 2nd period - Stefan Noesen wins face-off versus T.J. Tynan in Wolfpack zone.
8:04 of 2nd period - Snap shot by David Pope.
8:04 of 2nd period - Shot Misses the Net.
8:24 of 2nd period - Wrist shot by Henrik Samuelsson.
8:24 of 2nd period - Goal by Henrik Samuelsson - Rampage : 0 - Wolfpack : 4.
8:25 of 2nd period - Jack Roslovic wins face-off versus Maxime Sauvé in neutral zone.
8:38 of 2nd period - Snap shot by David Pope.
8:38 of 2nd period - Stopped by Elvis Merzlikins with a rebound.
8:46 of 2nd period - Minor Penalty to Brendan Lemieux for Tripping.
8:47 of 2nd period - Jack Roslovic wins face-off versus Maxime Sauvé in Rampage zone.
8:54 of 2nd period - Wrist shot by Jack Roslovic.
8:54 of 2nd period - Shot Misses the Net.
10:08 of 2nd period - T.J. Tynan is hit by Derrick Pouliot and loses puck.
10:46 of 2nd period - Penalty to Brendan Lemieux is over, Brendan Lemieux is back on ice.
11:27 of 2nd period - Snap shot by Kevin Roy.
11:27 of 2nd period - Stopped by Elvis Merzlikins without a rebound.
11:28 of 2nd period - Dylan Gambrell wins face-off versus Seth Griffith in Rampage zone.
11:33 of 2nd period - Dryden Hunt is hit by Artturi Lehkonen and loses puck.
12:15 of 2nd period - Maxime Sauvé is hit by Ryan Lomberg and loses puck.
12:29 of 2nd period - Off-side.
12:30 of 2nd period - Kevin Roy wins face-off versus Jack Roslovic in neutral zone.
13:16 of 2nd period - Derrick Pouliot is hit by Jean-Sebastien Dea and loses puck.
13:35 of 2nd period - Jean-Sebastien Dea is hit by Steven Santini and loses puck.
13:54 of 2nd period - Snap shot by Henrik Samuelsson.
13:54 of 2nd period - Shot Blocked by Kevan Miller.
13:56 of 2nd period - Snap shot by Henrik Samuelsson.
13:56 of 2nd period - Deflect By Samuel Blais.
13:56 of 2nd period - Stopped by Elvis Merzlikins without a rebound.
13:57 of 2nd period - Jack Roslovic wins face-off versus Henrik Samuelsson in Rampage zone.
14:39 of 2nd period - Slapshot by Samuel Blais.
14:39 of 2nd period - Deflect By Henrik Samuelsson.
14:39 of 2nd period - Shot Misses the Net.
14:39 of 2nd period - Puck is out of play.
14:40 of 2nd period - Jack Roslovic wins face-off versus Maxime Sauvé in Rampage zone.
15:09 of 2nd period - Off-side.
15:10 of 2nd period - Jean-Sebastien Dea wins face-off versus Kevin Roy in neutral zone.
15:37 of 2nd period - Roland McKeown is hit by David Pope and loses puck.
15:58 of 2nd period - Slapshot by Ethan Bear.
15:58 of 2nd period - Stopped by Samuel Montembeault with a rebound.
16:14 of 2nd period - Snap shot by Seth Griffith.
16:14 of 2nd period - Shot Blocked by Tony DeAngelo.
16:33 of 2nd period - Vince Dunn is hit by Artturi Lehkonen.
17:03 of 2nd period - Wrist shot by Dylan Sikura.
17:03 of 2nd period - Deflect By Dylan Gambrell.
17:03 of 2nd period - Shot Blocked by Mikhail Sergachev.
17:03 of 2nd period - Puck is out of play.
17:04 of 2nd period - Jack Roslovic wins face-off versus Maxime Sauvé in Wolfpack zone.
17:35 of 2nd period - Wrist shot by Sebastian Collberg.
17:35 of 2nd period - Deflect By Henrik Samuelsson.
17:35 of 2nd period - Shot Blocked by Adam Clendening.
17:35 of 2nd period - Puck is out of play.
17:36 of 2nd period - Henrik Samuelsson wins face-off versus T.J. Tynan in Rampage zone.
18:10 of 2nd period - Snap shot by Brendan Lemieux.
18:10 of 2nd period - Stopped by Samuel Montembeault with a rebound.
18:12 of 2nd period - Slapshot by Roland McKeown.
18:12 of 2nd period - Stopped by Samuel Montembeault without a rebound.
18:13 of 2nd period - Henrik Samuelsson wins face-off versus Jack Roslovic in Wolfpack zone.
18:22 of 2nd period - Off-side.
18:23 of 2nd period - Jack Roslovic wins face-off versus Henrik Samuelsson in neutral zone.
18:39 of 2nd period - Minor Penalty to Brendan Lemieux for Hooking.
18:40 of 2nd period - Jack Roslovic wins face-off versus Stefan Noesen in Rampage zone.
18:49 of 2nd period - Jack Roslovic is hit by Vince Dunn and loses puck.
19:31 of 2nd period - T.J. Tynan is hit by Derrick Pouliot and loses puck.
Goals for this period are 0 for Rampage vs 1 for Wolfpack.
Shots for this period are 4 for Rampage vs 8 for Wolfpack.
3rd period
0:01 of 3rd period - Maxime Sauvé wins face-off versus Jack Roslovic in neutral zone.
0:39 of 3rd period - Penalty to Brendan Lemieux is over, Brendan Lemieux is back on ice.
0:56 of 3rd period - Snap shot by Ryan Lomberg.
0:56 of 3rd period - Goal by Ryan Lomberg - Rampage : 1 - Wolfpack : 4.
0:57 of 3rd period - Jack Roslovic wins face-off versus Maxime Sauvé in neutral zone.
1:09 of 3rd period - Slapshot by Jack Roslovic.
1:09 of 3rd period - Stopped by Samuel Montembeault without a rebound.
1:10 of 3rd period - Jack Roslovic wins face-off versus Maxime Sauvé in Wolfpack zone.
1:11 of 3rd period - Snap shot by Timo Meier.
1:11 of 3rd period - Shot Misses the Net.
1:13 of 3rd period - Slapshot by Kevan Miller.
1:13 of 3rd period - Stopped by Samuel Montembeault without a rebound.
1:14 of 3rd period - Jack Roslovic wins face-off versus Maxime Sauvé in Wolfpack zone.
1:29 of 3rd period - Wrist shot by David Pope.
1:29 of 3rd period - Stopped by Elvis Merzlikins with a rebound.
2:11 of 3rd period - Snap shot by Henrik Samuelsson.
2:11 of 3rd period - Stopped by Elvis Merzlikins with a rebound.
2:13 of 3rd period - Wrist shot by Mikhail Sergachev.
2:13 of 3rd period - Shot Misses the Net.
2:23 of 3rd period - Derrick Pouliot is hit by Artturi Lehkonen and loses puck.
2:28 of 3rd period - Snap shot by Dylan Sikura.
2:28 of 3rd period - Stopped by Samuel Montembeault with a rebound.
2:30 of 3rd period - Snap shot by Dylan Gambrell.
2:30 of 3rd period - Shot Misses the Net.
2:32 of 3rd period - Slapshot by Ethan Bear.
2:32 of 3rd period - Shot Misses the Net.
2:34 of 3rd period - Snap shot by Dylan Sikura.
2:34 of 3rd period - Goal by Dylan Sikura - Rampage : 2 - Wolfpack : 4.
2:35 of 3rd period - Maxime Sauvé wins face-off versus Jack Roslovic in neutral zone.
3:38 of 3rd period - Icing by Roland McKeown.
3:39 of 3rd period - Jean-Sebastien Dea wins face-off versus Alexander Barabanov in Rampage zone.
4:24 of 3rd period - Icing by Tony DeAngelo.
4:25 of 3rd period - T.J. Tynan wins face-off versus Henrik Samuelsson in Rampage zone.
4:58 of 3rd period - Tony DeAngelo is hit by David Pope and loses puck.
6:05 of 3rd period - Snap shot by T.J. Tynan.
6:05 of 3rd period - Shot Blocked by Stefan Noesen.
6:20 of 3rd period - Snap shot by Jack Roslovic.
6:20 of 3rd period - Deflect By Timo Meier.
6:20 of 3rd period - Shot Misses the Net.
6:20 of 3rd period - Puck is out of play.
6:21 of 3rd period - Henrik Samuelsson wins face-off versus Jack Roslovic in Wolfpack zone.
6:46 of 3rd period - Mikhail Sergachev is hit by Denis Gurianov and loses puck.
6:55 of 3rd period - Wrist shot by Ryan Lomberg.
6:55 of 3rd period - Shot Misses the Net.
6:57 of 3rd period - Snap shot by Ryan Lomberg.
6:57 of 3rd period - Stopped by Samuel Montembeault with a rebound.
7:50 of 3rd period - Wrist shot by Jordan Greenway.
7:50 of 3rd period - Stopped by Samuel Montembeault without a rebound.
7:51 of 3rd period - Jack Roslovic wins face-off versus Maxime Sauvé in Wolfpack zone.
8:02 of 3rd period - Wrist shot by Brendan Lemieux.
8:02 of 3rd period - Goal by Brendan Lemieux - Rampage : 3 - Wolfpack : 4.
8:03 of 3rd period - Maxime Sauvé wins face-off versus Jack Roslovic in neutral zone.
8:28 of 3rd period - Tony DeAngelo is hit by Samuel Blais.
8:40 of 3rd period - Slapshot by Vince Dunn.
8:40 of 3rd period - Shot Blocked by T.J. Tynan.
9:21 of 3rd period - Mikhail Sergachev is hit by Roland McKeown and loses puck.
9:38 of 3rd period - Collin Miller is hit by Stefan Noesen and loses puck.
9:47 of 3rd period - Snap shot by David Pope.
9:47 of 3rd period - Shot Blocked by Dylan Sikura.
9:49 of 3rd period - Wrist shot by David Pope.
9:49 of 3rd period - Deflect By Stefan Noesen.
9:49 of 3rd period - Deflect By Collin Miller.
9:49 of 3rd period - Shot Misses the Net.
9:49 of 3rd period - Puck is out of play.
9:50 of 3rd period - Henrik Samuelsson wins face-off versus T.J. Tynan in Rampage zone.
9:55 of 3rd period - Wrist shot by Sebastian Collberg.
9:55 of 3rd period - Stopped by Elvis Merzlikins with a rebound.
9:57 of 3rd period - Slapshot by Steven Santini.
9:57 of 3rd period - Deflect By Ryan Lomberg.
9:57 of 3rd period - Stopped by Elvis Merzlikins with a rebound.
9:59 of 3rd period - Snap shot by Henrik Samuelsson.
9:59 of 3rd period - Shot Hit the Post.
10:03 of 3rd period - Snap shot by Henrik Samuelsson.
10:03 of 3rd period - Shot Blocked by Tony DeAngelo.
10:27 of 3rd period - Slapshot by Jack Roslovic.
10:27 of 3rd period - Stopped by Samuel Montembeault with a rebound.
11:04 of 3rd period - Slapshot by Seth Griffith.
11:04 of 3rd period - Goal by Seth Griffith - Rampage : 3 - Wolfpack : 5.
11:05 of 3rd period - Henrik Samuelsson wins face-off versus Jack Roslovic in neutral zone.
11:18 of 3rd period - Slapshot by Sebastian Collberg.
11:18 of 3rd period - Shot Misses the Net.
11:49 of 3rd period - Minor Penalty to Mikhail Sergachev for Hooking.
11:50 of 3rd period - Maxime Sauvé wins face-off versus Jack Roslovic in Wolfpack zone.
12:22 of 3rd period - Snap shot by Denis Gurianov.
12:22 of 3rd period - Goal by Denis Gurianov - Rampage : 4 - Wolfpack : 5.
12:23 of 3rd period - Henrik Samuelsson wins face-off versus Jack Roslovic in neutral zone.
12:28 of 3rd period - Slapshot by Sebastian Collberg.
12:28 of 3rd period - Stopped by Elvis Merzlikins with a rebound.
12:38 of 3rd period - Slapshot by Brendan Lemieux.
12:38 of 3rd period - Shot Misses the Net.
13:15 of 3rd period - Slapshot by Ethan Bear.
13:15 of 3rd period - Shot Misses the Net.
13:24 of 3rd period - Off-side.
13:25 of 3rd period - Seth Griffith wins face-off versus Dylan Gambrell in neutral zone.
13:28 of 3rd period - Collin Miller is hit by Dryden Hunt.
14:20 of 3rd period - Snap shot by T.J. Tynan.
14:20 of 3rd period - Shot Blocked by Colton White.
14:38 of 3rd period - Snap shot by Jordan Greenway.
14:38 of 3rd period - Deflect By Samuel Blais.
14:38 of 3rd period - Shot Misses the Net.
14:38 of 3rd period - Puck is out of play.
14:39 of 3rd period - Brendan Lemieux wins face-off versus Maxime Sauvé in Wolfpack zone.
14:50 of 3rd period - Snap shot by Brendan Lemieux.
14:50 of 3rd period - Stopped by Samuel Montembeault without a rebound.
14:51 of 3rd period - Maxime Sauvé wins face-off versus Jack Roslovic in Wolfpack zone.
15:16 of 3rd period - Minor Penalty to Tony DeAngelo for Tripping.
15:17 of 3rd period - Jack Roslovic wins face-off versus David Pope in Rampage zone.
16:15 of 3rd period - Steven Santini is hit by Brendan Lemieux and loses puck.
16:32 of 3rd period - Maxime Sauvé is hit by Artturi Lehkonen and loses puck.
17:16 of 3rd period - Penalty to Tony DeAngelo is over, Tony DeAngelo is back on ice.
17:24 of 3rd period - Snap shot by Tony DeAngelo.
17:24 of 3rd period - Stopped by Samuel Montembeault without a rebound.
17:25 of 3rd period - Seth Griffith wins face-off versus T.J. Tynan in Wolfpack zone.
17:49 of 3rd period - Artturi Lehkonen is hit by Kevin Roy and loses puck.
17:56 of 3rd period - Slapshot by Connor Chatam.
17:56 of 3rd period - Shot Misses the Net.
17:58 of 3rd period - Snap shot by Alexander Barabanov.
17:58 of 3rd period - Shot Misses the Net.
18:00 of 3rd period - Wrist shot by Alexander Barabanov.
18:00 of 3rd period - Stopped by Elvis Merzlikins without a rebound.
18:01 of 3rd period - Seth Griffith wins face-off versus Jean-Sebastien Dea in Rampage zone.
18:22 of 3rd period - Minor Penalty to Mathieu Joseph for Holding.
18:23 of 3rd period - Brendan Lemieux wins face-off versus Maxime Sauvé in Rampage zone.
18:38 of 3rd period - Wrist shot by Stefan Noesen.
18:38 of 3rd period - Stopped by Elvis Merzlikins without a rebound.
18:39 of 3rd period - Jack Roslovic wins face-off versus Maxime Sauvé in Rampage zone.
19:02 of 3rd period - Tony DeAngelo is hit by Henrik Samuelsson and loses puck.
19:45 of 3rd period - Jack Roslovic is hit by Stefan Noesen and loses puck.
19:56 of 3rd period - Samuel Blais is hit by Jordan Greenway and loses puck.
Goals for this period are 4 for Rampage vs 1 for Wolfpack.
Shots for this period are 12 for Rampage vs 8 for Wolfpack.